 Dungeon Crawl Stone Soup version 0.20-a0-1017-gc3250ce (webtiles) character file.

98 HankScorpio the Cudgeler (level 4, -1/58 HPs)
             Began as a Minotaur Berserker on Apr 16, 2017.
             Was a Believer of Trog.
             Slain by an orc
             ... wielding a +0 whip
              (5 damage)
             ... on level 3 of the Dungeon.
             The game lasted 00:03:43 (1229 turns).

HankScorpio the Cudgeler (Minotaur Berserker)       Turns: 1229, Time: 00:03:43

Health: -1/58      AC:  2    Str: 27    XL:     4   Next: 43%
Magic:  3/3        EV: 12    Int:  7    God:    Trog [**....]
Gold:   105        SH:  0    Dex: 10    Spells: 3/3 levels left

rFire    . . .     SeeInvis .   p - +0 flail (venom)
rCold    . . .     Gourm    .   (no shield)
rNeg     . . .     Faith    .   b - +0 animal skin
rPois    .         Spirit   .   (helmet restricted)
rElec    .         Reflect  .   (no cloak)
rCorr    .         Harm     .   (no gloves)
MR       .....                  (no boots)
Stlth    ..........             (no amulet)
Regen    0.2/turn               h - +3 ring of intelligence
MPRegen  0.1/turn               o - ring of wizardry

@: berserking, starving, very quick
A: retaliatory headbutt, horns 2
a: Berserk, Trog's Hand, Burn Spellbooks, Renounce Religion


You were on level 3 of the Dungeon.
You worshipped Trog.
Trog was pleased with you.
You were starving.

You visited 1 branch of the dungeon, and saw 3 of its levels.

You collected 105 gold pieces.

Inventory:

Hand Weapons
 a - a +0 mace
 p - a +0 flail of venom (weapon)
Armour
 b - a +0 animal skin (worn)
Jewellery
 h - a +3 ring of intelligence (left hand)
 o - a ring of wizardry (right hand)
Wands
 m - a wand of enslavement (11/24)
Scrolls
 d - a scroll of remove curse {unknown}
 j - a scroll of enchant armour {unknown}
 k - a scroll of blinking {unknown}
 l - 4 scrolls of identify {unknown}
 n - a scroll of noise {unknown}
 q - 3 scrolls of recharging {unknown}
Potions
 e - 2 potions of curing {unknown}
 g - 2 potions of lignification {unknown}
 r - a potion of heal wounds {unknown}
Comestibles
 c - 5 bread rations
 f - 2 fruits
 i - 2 royal jellies


   Skills:
 - Level 3.6 Fighting
 + Level 6.4 Maces & Flails
 - Level 2.4 Armour
 - Level 2.1 Dodging


You had 3 spell levels left.
You didn't know any spells.

Dungeon Overview and Level Annotations

Branches:
Dungeon (3/15)

Altars:
Dithmenos


Innate Abilities, Weirdness & Mutations

You reflexively headbutt those who attack you in melee.
You have a pair of horns on your head.


Message History

You have reached level 4!
You feel stronger.
You barely miss the rat. The rat barely misses you.
You barely miss the rat. Your headbutt misses the rat. You bludgeon the rat!!
You kill the rat!
Trog accepts your kill.
You are starving!
Unknown command.
You sock the worm! You headbutt the worm.
You feel the power of Trog in you as your rage grows.
You kill the worm!
Trog accepts your kill.
You see here a worm corpse.
You feel a strong urge to attack something.
You closely miss the orc. The orc hits you with a whip.
* * * LOW HITPOINT WARNING * * *
You barely miss the orc. You closely miss the orc.
The orc hits you with a whip.
You die...

### .....
..#.......##.# ....#
#.........# (# ...#
#........## .# # ...#
#.#......# .###.# .
#.#......###.#...##
....###..............
....######.##.(......
#.....o)...........
##...@##.).........
#.#.##.†.†........ ..
#....#.#......## .
..............(#
?.........###.#.#
..........# .#.#
>.......o..# #
.............
........o


You could see an orc.

Vanquished Creatures
  An orc priest (D:3)
  An adder (D:3)
  An ooze (D:2)
  3 worms
  2 dart slugs
  A leopard gecko (D:1)
  An orc (D:3)
  A ball python (D:3)
  7 bats
  3 giant cockroaches
  5 goblins
  3 hobgoblins
  2 jackals (D:1)
  5 frilled lizards
  A kobold (D:2)
  4 rats
41 creatures vanquished.

Notes
Turn   | Place    | Note
-------+----------+-------------------------------------------
     0 | D:1      | HankScorpio the Minotaur Berserker began the quest for the Orb.
     0 | D:1      | Reached XP level 1. HP: 19/19 MP: 0/0
   136 | D:1      | Reached skill level 4 in Maces & Flails
   184 | D:1      | Reached XP level 2. HP: 18/26 MP: 1/1
   495 | D:2      | Found a shadowy altar of Dithmenos.
   659 | D:2      | Reached skill level 5 in Maces & Flails
   682 | D:2      | Reached XP level 3. HP: 31/31 MP: 2/2
   712 | D:2      | Reached ** piety under Trog
  1219 | D:3      | Reached skill level 6 in Maces & Flails
  1219 | D:3      | Reached XP level 4. HP: 9/39 MP: 3/3
  1229 | D:3      | Slain by an orc

Vault maps used:
D:1:      dpeg_arrival_line_fractal
D:2:      grunt_dithmenos_smoke, first_bread
D:3:      lemuel_crystal_altar

Skill      XL: |  1  2  3 |
---------------+----------+-----
Maces & Flails | 4 5 6 |  6.4
Fighting       | |  3.6
Armour         | |  2.4
Dodging        | |  2.1

Action                   |  1- 3 |  4- 6 || total
-------------------------+-------+-------++-------
Melee: Mace              |    41 |       ||    41
       Headbutt          |     9 |     1 ||    10
       Flail             |    26 |     7 ||    33
Invok: Berserk           |     1 |       ||     1
Armor: Animal skin       |    17 |       ||    17
Dodge: Dodged            |    48 |     1 ||    49
